 Dungeon Crawl Stone Soup version 0.29-a0-824-gd827844252 (webtiles) character file.

Game seed: 4080545857007997321

23 lunkers the Trooper (level 3, -2/33 HPs)
             Began as a Meteoran Fighter on July 10, 2022.
             Was a Follower of Ru.
             Splashed by a jelly's acid (10 damage)
             ... on level 3 of the Dungeon.
             The game lasted 00:01:36 (509 turns).

lunkers the Trooper (Meteoran Fighter)               Turns: 509, Time: 00:01:36

Health: -2/33      AC: -1    Str: 17    XL:     3   Next: 26%
Magic:  4/4        EV:  9    Int: 11    God:    Ru [*.....]
Gold:   48         SH:  5    Dex: 14    Spells: 2/2 levels left

rFire   . . .      SeeInvis .   i - +2 mace (venom)
rCold   . . .      Faith    .   c - +0 buckler
rNeg    . . .      Spirit   .   b - +0 scale mail
rPois   .          Reflect  .   (no helmet)
rElec   .          Harm     .   (no cloak)
rCorr   .          Rampage  .   (no gloves)
Will    .....                   (no boots)
Stlth   ..........              (no amulet)
HPRegen 0.11/turn               (no ring)
MPRegen 0.09/turn               (no ring)

@: corroded, glowing
A: sense surroundings 1, hated by all, otherworldly, glowing, explore regen
a: Renounce Religion


You were on level 3 of the Dungeon.
You worshipped Ru.
Ru was aware of your devotion.
You visited 1 branch of the dungeon, and saw 3 of its levels.

You collected 48 gold pieces.

Inventory:

Hand Weapons
 a - a +0 war axe
 i - a +2 mace of venom (weapon)
Missiles
 f - 8 stones (quivered)
 l - 6 poisoned darts
Armour
 b - a +0 scale mail (worn)
 c - a +0 buckler (worn)
Scrolls
 e - a scroll of enchant armour {unknown}
 j - a scroll of magic mapping {unknown}
 k - a scroll of brand weapon {unknown}
 n - a scroll of enchant weapon {unknown}
Potions
 d - a potion of might
 g - a potion of attraction {unknown}
 h - 2 potions of mutation {unknown}
 m - a potion of brilliance {unknown}


   Skills:
 + Level 3.7 Fighting
 - Level 3.1(3.3) Axes
 * Level 1.6(2.8) Maces & Flails
 - Level 3.6 Armour
 - Level 3.6 Shields


You had 2 spell levels left.
You didn't know any spells.
Your spell library was empty.

Dungeon Overview and Level Annotations

Branches:
Dungeon (3/15) Zot: 1266

Altars:
Ru


Innate Abilities, Weirdness & Mutations

You passively map a small area around you.
You are hated by all.
You are easily found by Zot.
You glow in the dark.
You regain HP and MP as you explore.


Message History

Your library has no spells.
You throw a stone.
The stone hits the orc but does no damage.
The orc closely misses you.
You completely miss the orc. The orc hits you with a +0 mace.
The orc closely misses you.
You barely miss the orc. The orc hits you with a +0 mace.
* * * LOW HITPOINT WARNING * * *
You hit the orc.
The orc is poisoned.
The orc is severely wounded.
You block the orc's attack.
You hit the orc but do no damage.
The orc looks as sick as possible!
The orc is severely wounded.
The orc completely misses you.
You hit the orc but do no damage.
The orc looks as sick as possible!
The orc is almost dead.
You kill the orc!
A jelly comes into view.
The jelly quivers.
Items here: ( ) [ †.
You throw a stone. The stone hits the jelly.
The jelly is lightly wounded.
You throw a stone.
The stone hits the jelly but does no damage.
The jelly is lightly wounded.
You hit the jelly. The acid corrodes you!
Your hands burn!
* * * LOW HITPOINT WARNING * * *
The jelly is lightly wounded.
The jelly hits you but does no damage.
You hit the jelly.
The jelly is poisoned.
Your hands burn!
* * * LOW HITPOINT WARNING * * *
The jelly is heavily wounded.
The jelly hits you.
* * * LOW HITPOINT WARNING * * *
You are splashed with acid!
* * * LOW HITPOINT WARNING * * *
The jelly hits you.
* * * LOW HITPOINT WARNING * * *
The acid corrodes you!
You are splashed with acid!
You die...

.♣..............#
................# #
.♣.....####.........#
.......#########♣♣♣.♣ *,
.♣..............♣P..♣ , ,
, ....................♣ *
* .♣..................♣,
,
...............)♣♣P♣♣..#
+...............@.......
*
#................J......
*,
................#....###,
..#+###.........+.......
* .. #...†.....####.### *
. +............#..., * **
*#.....>....#.# ##≈ , ,
.............# # ≈
,......########


You could see a jelly (very poisoned).

Vanquished Creatures
  An orc (D:3)
  2 ball pythons
  2 bats
  An endoplasm (D:1)
  3 hobgoblins (D:1)
  4 jackals (D:3)
  A quokka (D:2)
  A frilled lizard (D:2)
  A kobold (D:2)
  3 rats
19 creatures vanquished.

Notes
Turn   | Place    | Note
-------+----------+-------------------------------------------
     0 | D:1      | lunkers the Meteoran Fighter began the quest for the Orb.
     0 | D:1      | Reached XP level 1. HP: 19/19 MP: 2/2
    33 | D:1      | Found a faded altar of an unknown god.
    52 | D:1      | Prayed at the altar of an unknown god.
    52 | D:1      | Became a worshipper of Ru the Awakened
    76 | D:1      | Gained mutation: You are hated by all. [Ru sacrifice]
    76 | D:1      | Reached * piety under Ru
   154 | D:1      | Reached XP level 2. HP: 22/26 MP: 3/3
   455 | D:3      | Reached skill level 1 in Maces & Flails
   477 | D:3      | Reached XP level 3. HP: 26/31 MP: 4/4
   509 | D:3      | Splashed by a jelly's acid

Illustrated notes

Levels and vault maps discovered:
D:1:      saegor_arrival_simple_d, layout_loops_ring,
          ebering_ecumenical_altar_box
D:2:      layout_basic, uniq_terence
D:3:      cheibrodos_thug_alley, layout_basic, nicolae_vehumet_radiance,
          kennysheep_slug_shrine, gammafunk_temple_overflow_pools,
          serial_forest, infiniplex_forest_lined_3,
          infiniplex_forest_straight_4, infiniplex_forest_corner_1,
          infiniplex_forest_straight_3, infiniplex_forest_end_1,
          infiniplex_forest_straight_4, infiniplex_forest_clump_small,
          minmay_distorted, uniq_sigmund, uniq_robin

Skill      XL: |  1  2 |
---------------+-------+-----
Axes           | 3 |  3.1
Maces & Flails | 1 |  1.6
Fighting       | |  3.7
Armour         | |  3.6
Shields        | |  3.6

Action                   || total
-------------------------++-------
Melee: War axe           ||    24
       Mace              ||    36
Throw: Stone             ||    21
Invok: Sacrifice Love    ||     1
Armor: Scale mail        ||    30
Dodge: Dodged            ||    22
Block: Buckler           ||    18

Table legend: (Time is in decaauts)
 A = Elapsed time spent in this place.
 B = Non-inter-level travel time spent in this place.
 C = Inter-level travel time spent in this place.
 D = Time resting spent in this place.
 E = Time spent auto-exploring this place.
 F = Levels seen in this place.
 G = Mean time per level.
                   A        B        C        D        E       F      G
               +--------+--------+--------+--------+--------+-----+--------+
         Total |    531 |    531 |      0 |      0 |    287 |   3 |  177.0 |
       Dungeon |    531 |    531 |      0 |      0 |    287 |   3 |  177.0 |
               +--------+--------+--------+--------+--------+-----+--------+

Top non-repeatable levels by time:
     D:2: 263 daAuts
     D:1: 186 daAuts
     D:3: 81 daAuts
